AoeStats
← HonorBitch

Oasis

509218755Analyzed
4v4 RM · 6d ago on Sep 25, 2026· 52m 9s· 8 players
Game mode
Random Map
Map size
Large (8 player)
Population
200
Speed
Normal
Resources
Standard
Victory
Conquest
Starting age
Dark Age
Ending age
Imperial Age
RankedLock teamsTeams togetherTeam positionsShared explorationLock speedFull tech treeHidden civsTurbo modeCheats
Victory
Defeat
🇬🇧 Inca · United Kingdom
980
+15
🇮🇹 Saxons · Italy
938
+17
🇱🇺 Slavs · Luxembourg
896
+19
🇧🇷 Franks · Brazil
893
+19
🇺🇾 Romans · Uruguay
1065
-21
🇺🇾 Magyars · Uruguay
1029
-20
🇪🇸 Burgundians · Spain
1014
-20
🇪🇸 Mongols · Spain
741
-9
Il Gonzaga
0:34 Loom
11:57 Feudal Age
12:29 Double-Bit Axe
18:57 Castle Age
17:18 Stone Mining
17:34 Gold Mining
18:00 Horse Collar
18:40 Scale Mail Armor
20:02 Bow Saw
19:59 Heavy Plow
21:40 Husbandry
23:37 Squires
23:55 Town Watch
25:53 Wheelbarrow
26:17 Gold Shaft Mining
27:05 Hand Cart
31:28 Imperial Age
29:44 Forging
29:51 Chain Mail Armor
29:20 Man-at-Arms
29:47 Gambesons
29:48 Arson
29:27 Pikeman
30:58 Caravan
32:43 Iron Casting
33:12 Two-Man Saw
32:47 Crop Rotation
33:09 Conscription
36:17 Plate Mail Armor
36:03 Light Cavalry
36:54 Bloodlines
36:09 Long Swordsman
38:52 Scale Barding Armor
38:54 Shield Wall
41:57 Chain Barding Armor
41:41 Hussar
43:41 Fletching
44:19 Elite Hearth Troop
45:53 Guilds
46:11 Murder Holes
46:36 Bodkin Arrow
46:41 Padded Archer Armor
47:21 Masonry
48:29 Siege Engineers
50:19 Architecture
50:25 Leather Archer Armor
51:46 Chemistry
50:53 Elite Varangian Guard
52:05 Ballistics
LiMe86
11:18 Loom
14:24 Feudal Age
15:19 Horse Collar
15:25 Double-Bit Axe
21:34 Castle Age
19:45 Stone Mining
19:55 Gold Mining
20:28 Scale Mail Armor
21:33 Forging
22:04 Arson
22:58 Heavy Plow
23:10 Bow Saw
24:30 Stone Shaft Mining
24:38 Gold Shaft Mining
24:41 Iron Casting
25:59 Wheelbarrow
25:44 Chain Mail Armor
26:54 Hand Cart
26:49 Caravan
31:57 Imperial Age
30:57 Town Watch
32:57 Conscription
33:10 Crop Rotation
32:54 Elite Kamayuk
34:49 Blast Furnace
35:22 Plate Mail Armor
34:55 Squires
38:03 Fabric Shields
lil_luzツ
2:53 Loom
11:43 Feudal Age
12:14 Loom
13:31 Double-Bit Axe
13:30 Horse Collar
22:50 Castle Age
24:15 Heavy Plow
24:28 Bow Saw
31:14 Imperial Age
29:04 Forging
29:00 Scale Barding Armor
31:33 Iron Casting
34:29 Conscription
34:19 Murder Holes
37:13 Fletching
38:08 Masonry
47:35 Caravan
creed
2:29 Loom
12:13 Feudal Age
19:54 Castle Age
19:09 Forging
20:18 Scale Barding Armor
24:34 Wheelbarrow
25:35 Fletching
26:48 Pikeman
31:45 Scale Mail Armor
32:59 Squires
33:43 Arson
35:11 Husbandry
35:44 Hand Cart
37:57 Town Watch
38:05 Double-Bit Axe
41:36 Imperial Age
39:55 Bow Saw
41:03 Masonry
42:46 Cavalier
42:53 Halberdier
44:14 Chain Mail Armor
45:26 Conscription
47:05 Gold Mining
48:26 Paladin
48:48 Elite Skirmisher
51:46 Gambesons
52:53 Coinage
Danzer
12:28 Feudal Age
11:17 Double-Bit Axe
11:15 Horse Collar
12:34 Loom
17:44 Castle Age
15:47 Heavy Plow
16:04 Bow Saw
22:46 Cavalier
24:08 Gold Mining
24:14 Stone Mining
26:18 Crop Rotation
26:26 Scale Barding Armor
27:13 Forging
27:34 Husbandry
28:58 Iron Casting
28:44 Chain Barding Armor
29:03 Wheelbarrow
30:22 Two-Man Saw
30:55 Hand Cart
30:25 Town Watch
30:53 Light Cavalry
35:23 Imperial Age
33:41 Fletching
34:19 Burgundian Vineyards
36:52 Gold Shaft Mining
37:25 Blast Furnace
37:01 Plate Barding Armor
36:27 Murder Holes
38:44 Conscription
37:56 Paladin
38:40 Hussar
41:37 Chemistry
40:58 Ballistics
40:50 Masonry
41:52 Bodkin Arrow
44:36 Crossbowman
45:37 Bracer
45:38 Padded Archer Armor
VitoPedroPiranha
0:31 Loom
12:43 Feudal Age
13:26 Double-Bit Axe
14:05 Man-at-Arms
22:21 Castle Age
20:17 Gold Mining
20:38 Scale Mail Armor
21:18 Forging
22:42 Long Swordsman
24:00 Iron Casting
23:41 Chain Mail Armor
23:53 Squires
25:56 Wheelbarrow
30:00 Bow Saw
40:12 Hand Cart
43:54 Imperial Age
42:33 Murder Holes
43:56 Legionary
46:55 Blast Furnace
HonorBitch
13:24 Feudal Age
11:41 Loom
14:46 Man-at-Arms
15:12 Arson
16:24 Double-Bit Axe
23:10 Wheelbarrow
25:32 Castle Age
33:00 Padded Archer Armor
32:50 Fletching
35:30 Hand Cart
40:30 Leather Archer Armor
40:10 Bodkin Arrow
40:26 Forging
40:22 Scale Barding Armor
43:30 Thumb Ring
44:52 Iron Casting
44:18 Scale Mail Armor
elgs
6:41 Loom
11:59 Feudal Age
12:25 Double-Bit Axe
21:11 Horse Collar
24:23 Castle Age
22:15 Gold Mining
27:37 Bow Saw
27:44 Husbandry
29:59 Scale Barding Armor
33:56 Chain Barding Armor
38:11 Wheelbarrow
37:22 Town Watch
38:14 Corvinian Army
38:15 Fletching
38:25 Padded Archer Armor
38:33 Thumb Ring
42:27 Imperial Age
41:54 Bodkin Arrow
Connection lost

Rejoining the realm…

Still unreachable

The connection could not be restored.

Session expired

The server has moved on; the page needs a fresh start.